AoeStats
← Bandolero

Arabia

508524260Analyzed
1v1 RM · 9d ago on Sep 22, 2026· 47m 39s· 2 players
Game mode
Random Map
Map size
Tiny (2 player)
Population
200
Speed
Normal
Resources
Standard
Victory
Conquest
Starting age
Dark Age
Ending age
Imperial Age
RankedLock teamsTeams togetherTeam positionsShared explorationLock speedFull tech treeHidden civsTurbo modeCheats
Victory
Defeat
🇬🇧 Mongols · United Kingdom
1268
+18
🇦🇷 Maya · Argentina
1321
-18
DoYouThinkThatsWise
1:57 Loom
5:47 Loom
8:43 Feudal Age
11:45 Double-Bit Axe
14:29 Horse Collar
18:45 Fletching
21:54 Castle Age
20:09 Padded Archer Armor
21:59 Elite Skirmisher
23:00 Bodkin Arrow
24:46 Ballistics
25:12 Bow Saw
25:30 Leather Archer Armor
25:59 Gold Mining
27:49 Wheelbarrow
28:10 Husbandry
29:17 Bloodlines
30:11 Murder Holes
35:51 Imperial Age
35:03 Heavy Plow
35:59 Thumb Ring
36:35 Hand Cart
36:07 Town Watch
36:36 Bracer
37:49 Chemistry
38:21 Elite Mangudai
40:35 Conscription
40:31 Town Patrol
41:06 Parthian Tactics
42:33 Hoardings
42:05 Siege Engineers
42:13 Masonry
47:31 Stone Mining
Bandolero
0:26 Loom
9:09 Feudal Age
9:42 Double-Bit Axe
14:34 Fletching
20:40 Castle Age
19:09 Gold Mining
19:22 Padded Archer Armor
20:43 Crossbowman
21:24 Bodkin Arrow
21:54 Bow Saw
23:29 Leather Archer Armor
24:09 Eagle Warrior
25:22 Scale Mail Armor
26:00 Forging
27:42 Chain Mail Armor
28:53 Squires
30:48 Iron Casting
30:26 Town Watch
33:33 Wheelbarrow
33:48 Ballistics
37:24 Imperial Age
34:52 Stone Mining
35:55 Hand Cart
37:28 Man-at-Arms
37:33 Elite Eagle Warrior
37:55 Arbalester
40:09 Plate Mail Armor
41:29 Chemistry
40:44 Bracer
41:34 Ring Archer Armor
41:12 Thumb Ring
42:18 Conscription
47:44 Hoardings
47:48 Plate Mail Armor
Connection lost

Rejoining the realm…

Still unreachable

The connection could not be restored.

Session expired

The server has moved on; the page needs a fresh start.